 Dungeon Crawl Stone Soup version 0.18-a0-690-g014cd11 (webtiles) character file.

69 Banto the Changer (level 3, -3/29 HPs)
             Began as a Demigod Wanderer on Dec 7, 2015.
             Killed from afar by a goblin (7 damage)
             ... with a wand of magic darts
             ... on level 3 of the Dungeon.
             The game lasted 00:03:50 (2325 turns).

Banto the Changer (Demigod Wanderer)                Turns: 2325, Time: 00:03:50

Health: -3/29      AC:  4    Str: 17    XL:     3   Next: 75%
Magic:  8/8        EV: 11    Int: 16    God:
Gold:   149        SH:  0    Dex: 15    Spells: 3 memorised, 1 level left

rFire  . . .     SeeInvis .       - Unarmed
rCold  . . .     Clarity  .     g - +0 leather armour
rNeg   . . .     SustAt   +     (no shield)
rPois  .         Gourm    .     (no helmet)
rElec  .         Spirit   .     p - +0 cloak
rCorr  .         Dismiss  .     (no gloves)
rMut   .         Stasis   .     (no boots)
MR     .....                    j - amulet of rage
Stlth  ++........               (no ring)
                                (no ring)

@: appendage, not resistant to hostile enchantments, unstealthy
A: horns 2, high mp 1, sustain attributes
a: End Transformation, Evoke Berserk Rage


You were on level 3 of the Dungeon.
You were not hungry.
You had grown temporary horns.
You visited 1 branch of the dungeon, and saw 3 of its levels.

You collected 149 gold pieces.

Inventory:

Armour
 g - a +0 leather armour (worn)
 p - a +0 cloak (worn)
Jewellery
 j - an amulet of rage (around neck)
Scrolls
 m - a scroll of immolation
Potions
 f - 4 potions of curing
 n - 2 potions of resistance {unknown}
 q - a potion of degeneration {unknown}
Books
 a - a book of Changes

   Spells                             Type                      Level
   a - Beastly Appendage              Transmutation                1
   b - Sticks to Snakes               Transmutation                2
   c - Spider Form                    Transmutation/Poison         3
   d - Ice Form                       Ice/Transmutation            4
   e - Blade Hands                    Transmutation                5
 b - the Guide on the Glacier

   Spells                             Type                      Level
   a - Freeze                         Ice                          1
   b - Ozocubu's Armour               Charms/Ice                   3
Comestibles
 e - 2 bread rations
 o - 8 fruits


   Skills:
 - Level 1.7 Fighting
 - Level 1.0 Armour
 - Level 1.0 Stealth
   Level 1.0 Shields
 + Level 2.5 Unarmed Combat
 - Level 1.7 Spellcasting
 + Level 3.4 Transmutations


You had one spell level left.
You knew the following spells:

 Your Spells              Type           Power        Failure   Level  Hunger
a - Beastly Appendage     Trmt           ##....       10%         1    ##.....
b - Freeze                Ice            #...         30%         1    ##.....
c - Sticks to Snakes      Trmt           ##......     12%         2    ###....


Dungeon Overview and Level Annotations

Branches:
Dungeon (3/15)


Innate Abilities, Weirdness & Mutations

You have an increased reservoir of magic (+10% MP).
Your attributes are resistant to harm.
You have a pair of horns on your head.


Message History

A gnoll comes into view. It is wielding a halberd.
A goblin comes into view.
Casting: Beastly Appendage
Confirm with . or Enter, or press ? or * to list all spells.
You grow a pair of large bovine horns.
The gnoll shouts!
The gnoll barely misses you.
You hit the gnoll. Your headbutt misses the gnoll.
The gnoll is moderately wounded.
The gnoll hits you but does no damage.
The goblin zaps a wand.
The magic dart hits you!
It is a wand of magic darts.
You hit the gnoll.
The gnoll is moderately wounded.
The gnoll closely misses you.
The goblin zaps a wand.
The magic dart hits you!
The goblin zaps a wand.
The magic dart hits you!
The goblin zaps a wand.
The magic dart hits you!
* * * LOW HITPOINT WARNING * * *
The goblin zaps a wand.
The magic dart hits you!
You die...

. #.......# .....#...# ..
#...#...##########.######
...###..g.........#####.......
......[#._.#..# #.......#####.
.....%.......# #.......#
.........#...# #......###
.............####......'.+
.........g...##).......###
...........g.@'........+
##...#####+#[##........# #...
#...##........# #..
######........# #. #........#
#. ##########


You could see 2 gnolls and a goblin.

Vanquished Creatures
  A gnoll (D:3)
  2 adders (D:3)
  An ooze (D:1)
  A giant gecko (D:2)
  3 orcs (D:3)
  3 bats (D:1)
  5 goblins
  3 hobgoblins
  5 kobolds
  3 giant cockroaches
  3 giant newts
  2 rats (D:1)
32 creatures vanquished.

Notes
Turn   | Place    | Note
--------------------------------------------------------------
     0 | D:1      | Banto the Demigod Wanderer began the quest for the Orb.
     0 | D:1      | Banto set off with: a book of Changes, the Guide on the Glacier, a +0 ring mail, a +0 club, a bread ration
     0 | D:1      | Reached XP level 1. HP: 17/17 MP: 5/5
     0 | D:1      | Identified the Guide on the Glacier
    77 | D:1      | Reached skill level 1 in Unarmed Combat
    95 | D:1      | Learned a level 1 spell: Beastly Appendage
    97 | D:1      | Learned a level 1 spell: Freeze
   126 | D:1      | Reached XP level 2. HP: 18/24 MP: 7/7
   174 | D:1      | Learned a level 2 spell: Sticks to Snakes
   760 | D:1      | Reached skill level 3 in Transmutations
   955 | D:2      | Found a glowing silver altar of Zin.
   956 | D:2      | Found a stormy altar of Qazlal.
   961 | D:2      | Found a shadowy altar of Dithmenos.
  1372 | D:2      | Found an ancient bone altar of Kikubaaqudgha.
  1857 | D:3      | Reached XP level 3. HP: 22/29 MP: 8/8
  2053 | D:3      | Found an opulent altar of Gozag.
  2310 | D:3      | Found a radiant altar of Vehumet.
  2325 | D:3      | Killed from afar by a goblin

Vault maps used:
D:1:      dpeg_arrival_yet_another_circle, serial_corexii_hall,
          corexii_hall_statues_i, corexii_hall_statues_u
D:2:      lemuel_crystal_altar, gammafunk_temple_overflow_forgotten
D:3:      vehumet_altar_wand_db, first_bread, nicolae_gozag_seed_capital

Action                   || total
-------------------------++-------
Melee: Unarmed           ||   183
 Cast: Freeze            ||     3
       Beastly Appendage ||     6
  Use: Scroll            ||     8
 Stab: Sleeping          ||     1
  Eat: Chunk             ||     5
